 Dungeon Crawl Stone Soup version 0.23.2 (webtiles) character file.

Game seed: 2571528814948012188

340 Peloso the Slasher (level 6, -9/55 HPs)
             Began as a Minotaur Fighter on Apr 9, 2019.
             Mangled by Pikel
             ... wielding a +2 whip of electrocution
              (16 damage)
             ... on level 4 of the Dungeon.
             The game lasted 00:05:25 (2563 turns).

Peloso the Slasher (Minotaur Fighter)               Turns: 2563, Time: 00:05:30

Health: -9/55      AC: 12    Str: 21    XL:     6   Next: 30%
Magic:  5/5        EV:  4    Int:  5    God:
Gold:   42         SH: 10    Dex: 11    Spells: 5/5 levels left

rFire    . . .     SeeInvis .   a - +0 long sword
rCold    . . .     Gourm    .   c - +0 shield
rNeg     . . .     Faith    .   q - +0 plate armour
rPois    .         Spirit   .   (helmet restricted)
rElec    .         Reflect  .   (no cloak)
rCorr    .         Harm     .   (no gloves)
MR       .....                  (no boots)
Stlth    ..........             (no amulet)
HPRegen  0.18/turn              (no ring)
MPRegen  0.09/turn              (no ring)

@: lightly drained
A: retaliatory headbutt, horns 2
a: no special abilities


You were on level 4 of the Dungeon.
You were not hungry.

You visited 1 branch of the dungeon, and saw 4 of its levels.

You collected 192 gold pieces.
You spent 150 gold pieces at shops.

Inventory:

Hand Weapons
 a - a +0 long sword (weapon)
Armour
 b - a +0 scale mail
 c - a +0 shield (worn)
 q - a +0 plate armour (worn)
Jewellery
 v - an uncursed ring of protection from magic
Wands
 u - a wand of disintegration (15)
Scrolls
 i - a scroll of enchant weapon {unknown}
 l - a scroll of fog {unknown}
 n - 5 scrolls of remove curse {unknown}
 p - 3 scrolls of identify
 r - a scroll of teleportation {unknown}
 s - a scroll of magic mapping {unknown}
Potions
 d - 4 potions of might
 e - a potion of agility {unknown}
 g - a potion of haste
 h - a potion of resistance
 j - a potion of curing
 k - 3 potions of heal wounds {unknown}
 m - a potion of invisibility {unknown}
 o - a potion of brilliance {unknown}
Comestibles
 f - 8 rations
 t - a chunk of flesh


   Skills:
 + Level 4.8(4.7) Fighting
 + Level 5.6 Long Blades
 + Level 4.7 Armour
 + Level 0.5(0.4) Dodging
 + Level 0.1 Stealth
 + Level 4.9 Shields


You had 5 spell levels left.
You didn't know any spells.
Your spell library was empty.

Dungeon Overview and Level Annotations

Branches:
Dungeon (4/15)
 Temple: D:4-7

Altars:
Ashenzari
Dithmenos

Shops:
D:4 !

Annotations:
D:4 Pikel


Innate Abilities, Weirdness & Mutations

You reflexively headbutt those who attack you in melee.
You have a pair of horns on your head.


Message History

Pikel hits you but does no damage.
You feel better.
Pikel hits you with a +2 whip of electrocution.
You hit Pikel but do no damage.
Pikel is severely wounded.
Pikel hits you but does no damage.
Your shield and plate armour prevent you from hitting Pikel.
Pikel is severely wounded.
Pikel hits you but does no damage.
You are electrocuted!
* * * LOW HITPOINT WARNING * * *
You hit Pikel.
Pikel is almost dead.
You block Pikel's attack.
Your plate armour prevents you from hitting Pikel.
Pikel is almost dead.
Pikel says, "Slavery isn't that bad."
Pikel hits you with a +2 whip of electrocution.
* * * LOW HITPOINT WARNING * * *
You are electrocuted!
You die... # # ##.. # . .!. .# # #...# ##.. .# ## #.... ..$##.# .### ...# ..... ...# #..# pp.

.#.# #..# #K# ##.# #..#
#@# .
##.###..########.##....
#...#.∩...!!.......<.?#
.................######
#...##############
##.## ...# ####


You could see Pikel and 2 slaves.

Vanquished Creatures
  An ogre (D:4)
  A hound (D:4)
  2 orc priests (D:4)
  4 adders
  An ooze (D:2)
  2 worms
  3 dart slugs (D:1)
  5 leopard geckos
  13 orcs (D:4)
  A ball python (D:3)
  6 giant cockroaches
  7 goblins
  11 hobgoblins
  A quokka (D:3)
  10 bats
  3 frilled lizards (D:1)
  12 kobolds
  11 rats
94 creatures vanquished.

Vanquished Creatures (others)
  5 fungi (D:4)
5 creatures vanquished.

Grand Total: 99 creatures vanquished

Notes
Turn   | Place    | Note
-------+----------+-------------------------------------------
     0 | D:1      | Peloso the Minotaur Fighter began the quest for the Orb.
     0 | D:1      | Reached XP level 1. HP: 19/19 MP: 0/0
   179 | D:1      | Reached XP level 2. HP: 27/27 MP: 1/1
   385 | D:1      | Reached XP level 3. HP: 30/33 MP: 2/2
   425 | D:1      | Reached skill level 3 in Long Blades
   791 | D:2      | Reached XP level 4. HP: 40/40 MP: 3/3
   929 | D:2      | Found a shattered altar of Ashenzari.
   994 | D:2      | Reached skill level 4 in Long Blades
  1074 | D:2      | Found a faded altar of an unknown god.
  1580 | D:3      | Found a shadowy altar of Dithmenos.
  2192 | D:4      | Noticed an ogre
  2200 | D:4      | Killed an ogre
  2200 | D:4      | Reached XP level 5. HP: 47/47 MP: 4/4
  2212 | D:4      | Reached skill level 5 in Long Blades
  2430 | D:4      | Reached XP level 6. HP: 53/53 MP: 5/5
  2521 | D:4      | Found Deotu's Distillery.
  2524 | D:4      | Bought a potion of curing for 30 gold pieces
  2524 | D:4      | Bought 2 potions of might for 80 gold pieces
  2524 | D:4      | Bought a potion of degeneration for 10 gold pieces
  2524 | D:4      | Bought a potion of lignification for 30 gold pieces
  2534 | D:4      | Noticed Pikel
  2535 | D:4      | Noticed a slave
  2535 | D:4      | Noticed a slave
  2563 | D:4      | Mangled by Pikel

Skill      XL: |  1  2  3  4  5 |
---------------+----------------+-----
Fighting       | 4 |  4.8
Shields        | 4 |  4.9
Long Blades    | 3 4 5 |  5.6
Armour         | 4 |  4.7
Dodging        | |  0.5
Stealth        | |  0.1

Action                   |  1- 3 |  4- 6 || total
-------------------------+-------+-------++-------
Melee: Long sword        |    92 |   161 ||   253
       Headbutt          |    10 |    22 ||    32
Evoke: Wand              |       |     1 ||     1
  Use: Scroll            |       |     2 ||     2
       Potion            |       |     2 ||     2
  Eat: Chunk             |       |     6 ||     6
Armor: Scale mail        |    46 |    22 ||    68
       Plate armour      |       |    53 ||    53
Dodge: Dodged            |    34 |    27 ||    61
Block: Shield            |    78 |    81 ||   159
       Rpst.: Long sword |    11 |     7 ||    18
